 Dungeon Crawl Stone Soup version 0.24.0-41-g2ae2f7f1be (console) character file.

Game seed: 5884765545347586734, levelgen mode: deterministic

67898 Ignak the Thaumaturge (level 15, 0/115 HPs)
             Began as a Gnoll Wizard on Dec 12, 2019.
             Was an Elder of Sif Muna.
             Slain by a spriggan rider
             ... wielding the +3 spear of Resumed Hostilities {pierce, +Fly rElec Str+3 Stlth+}
              (3 damage)
             ... on level 4 of the Lair of Beasts on Dec 13, 2019.
             The game lasted 03:03:39 (26581 turns).

Ignak the Thaumaturge (Gnoll Wizard)               Turns: 26581, Time: 03:03:40

Health: 0/115      AC: 14    Str: 14    XL:     15   Next: 24%
Magic:  26/30      EV: 18    Int: 28    God:    Sif Muna [****..]
Gold:   759        SH: 13    Dex: 17    Spells: 2/37 levels left

rFire    + . .     SeeInvis .   W - +8 trident "Lust" {freeze, +Inv Dex+3}
rCold    . . .     Gourm    +   U - +2 shield {reflect}
rNeg     . . .     Faith    .   N - +2 troll leather armour
rPois    +         Spirit   .   (no helmet)
rElec    .         Reflect  +   O - -3 cloak of Nihilism {Regen+}
rCorr    .         Harm     .   B - +1 pair of gloves
MR       ++...     Clarity  +   M - +0 pair of boots
Stlth    +++++.....             l - amulet of the gourmand
HPRegen  1.09/turn              s - ring of Surphud {*Corrode rPois AC+4 Int+2 Slay+4}
MPRegen  0.22/turn              G - ring of Wixivi {+Blink MR+ Str+4 Stlth+}

@: very slightly contaminated, studying Axes, invisible
A: distributed training, fangs 1, clarity, fire resistance 1, screaming 1, wild
magic 1, strong nose
a: Channel Magic, Forget Spell, Divine Exegesis, Renounce Religion, Evoke Blink


You were on level 4 of the Lair of Beasts.
You worshipped Sif Muna.
Sif Muna was greatly pleased with you.
You were very full.

You visited 5 branches of the dungeon, and saw 22 of its levels.
You also visited: Sewer.

You collected 2207 gold pieces.
You spent 1448 gold pieces at shops.

Inventory:

Hand Weapons
 a - the +9 dagger of Fundamental Breach {freeze, rPois}
   (You found it on level 5 of the Dungeon)

   It has been specially enchanted to freeze those struck by it, causing extra
   injury to most foes and up to half again as much damage against particularly
   susceptible opponents.
   It can also slow down cold-blooded creatures.
   It protects you from poison.
 W - the +8 trident "Lust" (weapon) {freeze, +Inv Dex+3}
   (You took it off a spriggan on level 2 of the Lair of Beasts)

   It has been specially enchanted to freeze those struck by it, causing extra
   injury to most foes and up to half again as much damage against particularly
   susceptible opponents.
   It can also slow down cold-blooded creatures.
   It affects your dexterity (+3).
   It lets you turn invisible.
Missiles
 o - 54 poisoned darts (quivered)
 T - 5 silver boomerangs
Armour
 e - a +0 leather armour of magic resistance
 B - a +1 pair of gloves (worn)
 C - the +1 leather armour of the Arcane {*Contam +Inv Dex+6}
   (You bought it in a shop on level 11 of the Dungeon)

   It affects your dexterity (+6).
   It lets you turn invisible.
   It causes magical contamination when unequipped.
 D - a +3 ring mail of fire resistance
 I - a +2 buckler
 M - a +0 pair of boots (worn)
 N - a +2 troll leather armour (worn)
 O - the -3 cloak of Nihilism (worn) {Regen+}
   (You bought it in a shop on level 2 of the Orcish Mines)

   It increases your rate of regeneration.
 Q - a +0 cloak of poison resistance
 U - a +2 shield of reflection (worn)
Jewellery
 h - an uncursed ring of teleportation
 j - an uncursed ring of resist corrosion
 l - an amulet of the gourmand (around neck)
 n - an uncursed ring of wizardry
 s - the ring of Surphud (left hand) {*Corrode rPois AC+4 Int+2 Slay+4}
   (You bought it in a shop on level 2 of the Orcish Mines)

   [ring of protection]

   It affects your AC (+4).
   It affects your intelligence (+2).
   It affects your accuracy and damage with ranged weapons and melee attacks
   (+4).
   It protects you from poison.
   It may corrode you when you take damage.
 t - the ring of Checkmate {*Slow rF+ rC++ rN+}
   (You found it on level 4 of the Dungeon)

   [ring of positive energy]

   It protects you from fire.
   It greatly protects you from cold.
   It protects you from negative energy.
   It may slow you when you take damage.
 u - an uncursed ring of protection from fire
 G - the ring of Wixivi (right hand) {+Blink MR+ Str+4 Stlth+}
   (You found it on level 1 of the Lair of Beasts)

   [ring of stealth]

   It affects your strength (+4).
   It affects your resistance to hostile enchantments.
   It lets you blink.
   It makes you more stealthy.
Wands
 g - a wand of disintegration (35)
 k - a wand of enslavement (10)
 m - a wand of flame (41)
 r - a wand of digging (4)
 L - a wand of polymorph (18)
Scrolls
 b - a scroll of identify
 p - 15 scrolls of remove curse
 q - 5 scrolls of teleportation
 x - 3 scrolls of magic mapping
 A - a scroll of vulnerability
 E - a scroll of blinking
 F - a scroll of enchant armour
Potions
 c - 7 potions of might
 f - 3 potions of lignification
 i - 3 potions of haste
 w - 5 potions of heal wounds
 z - 4 potions of magic
 H - 9 potions of curing
 J - 2 potions of flight
 K - 3 potions of brilliance
 P - 7 potions of cancellation
 R - 2 potions of mutation
 S - a potion of agility
Books
 v - a manual of Axes
Miscellaneous
 y - a crystal ball of energy
 V - a box of beasts
 X - a phial of floods
Comestibles
 d - 41 rations


   Skills:
 + Level 9.7 Fighting
 + Level 9.7 Short Blades
 + Level 9.7 Long Blades
 + Level 11.6 Axes
 + Level 9.7 Maces & Flails
 + Level 9.7 Polearms
 + Level 9.7 Staves
 + Level 9.7 Slings
 + Level 9.7 Bows
 + Level 9.7 Crossbows
 + Level 9.7 Throwing
 + Level 9.7 Armour
 + Level 10.7 Dodging
 + Level 10.5 Stealth
 + Level 9.7 Shields
 + Level 9.7 Unarmed Combat
 + Level 11.8 Spellcasting
 + Level 8.5 Conjurations
 + Level 8.2 Hexes
 + Level 8.2 Charms
 + Level 8.5 Summonings
 + Level 8.2 Necromancy
 + Level 8.5 Translocations
 + Level 8.2 Transmutations
 + Level 8.2 Fire Magic
 + Level 8.2 Ice Magic
 + Level 8.2 Air Magic
 + Level 8.2 Earth Magic
 + Level 8.2 Poison Magic
 + Level 10.5 Invocations
 + Level 9.7 Evocations


You had 2 spell levels left.
You knew the following spells:

 Your Spells              Type           Power        Failure   Level  Hunger
a - Magic Dart            Conj           ####         1%          1    None
b - Blink                 Tloc           N/A          1%          2    None
c - Conjure Flame         Conj/Fire      ######..     1%          3    None
d - Mephitic Cloud        Conj/Pois/Air  ######..     1%          3    None
e - Call Imp              Summ           ######..     1%          2    None
f - Freezing Cloud        Conj/Ice/Air   ######....   45%         6    #####..
g - Ozocubu's Refrigerat  Ice            ######....   47%         6    #####..
q - Portal Projectile     Hex/Tloc       ######       1%          3    None
x - Summon Lightning Spi  Summ/Air       ######..     4%          4    None
z - Metabolic Englaciati  Hex/Ice        ######....   12%         5    ###....

Your spell library contained the following spells:

 Spells                   Type           Power        Failure   Level  Hunger
 Apportation              Tloc           ######       1%          1    None
 Shock                    Conj/Air       ####         1%          1    None
 Summon Butterflies       Summ           ######..     1%          1    None
 Summon Small Mammal      Summ           ####         1%          1    None
 Poisonous Vapours        Pois/Air       ######       1%          2    None
 Slow                     Hex            ######..     1%          2    None
 Swiftness                Chrm/Air       ######..     1%          2    None
 Call Canine Familiar     Summ           ######..     1%          3    None
 Lesser Beckoning         Tloc           ######....   1%          3    None
 Static Discharge         Conj/Air       ######..     1%          3    None
 Summon Guardian Golem    Hex/Summ       ######..     1%          3    None
 Airstrike                Air            ######....   4%          4    None
 Ice Form                 Ice/Tmut       ######..     4%          4    None
 Summon Ice Beast         Ice/Summ       ######..     4%          4    None
 Lightning Bolt           Conj/Air       ######....   11%         5    ###....
 Summon Forest            Summ/Tloc      ######....   11%         5    ###....
 Summon Mana Viper        Hex/Summ       ######..     11%         5    ###....
 Venom Bolt               Conj/Pois      ######....   11%         5    ###....
 Bolt of Cold             Conj/Ice       ######....   45%         6    #####..
 Simulacrum               Ice/Necr       ######....   47%         6    #####..
 Malign Gateway           Summ/Tloc      ######....   94%         7    ######.
 Summon Hydra             Summ           ######....   94%         7    ######.
 Ring of Flames           Chrm/Fire      ######....   95%         7    ######.


Dungeon Overview and Level Annotations

Branches:
Dungeon (14/15)            Temple (1/1) D:7            Lair (4/6) D:8
  Swamp (0/4) Lair:3        Snake (0/4) Lair:3          Orc (2/2) D:10
    Elf (1/3) Orc:2        Vaults (0/5) D:13          Sewer (visited)

Altars:
Ashenzari
Elyvilon
Fedhas
Gozag
Hepliaklqana
Kikubaaqudgha
Makhleb
Nemelex Xobeh
Okawaru
Sif Muna
Trog
Uskayaw
Vehumet
Xom
Beogh

Shops:
D:5 =   D:11 (!*   Orc:2 %%[*


Innate Abilities, Weirdness & Mutations

Your experience applies equally to all skills.
You have very sharp teeth.
Your uncanny sense of smell can sniff out nearby items.
You possess an exceptional clarity of mind.
Your flesh is heat resistant. (rF+)
You occasionally shout uncontrollably at your foes.
Your spells are a little harder to cast, but a little more powerful.


Message History

Press: ? - help, Shift-Dir - straight line, p - spriggan rider The ball explodes into a vile cloud!
The stinking cloud engulfs the spriggan rider but does no damage.
The spriggan rider is moderately wounded.
The stinking cloud engulfs the spriggan rider but does no damage.
The stinking cloud engulfs you but does no damage.
The spriggan rider is engulfed in noxious fumes.
The spriggan rider hits you from afar with the +3 spear of Resumed Hostilities {pierce, +Fly rElec Str+3 Stlth+}!
The spriggan rider is engulfed in noxious fumes.
The spriggan rider hits you from afar with a +3 spear!
* * * LOW HITPOINT WARNING * * *
Unknown command.
Unknown command.
The spriggan rider is engulfed in noxious fumes. x2
The spriggan rider appears confused.
The spriggan rider hits the spriggan rider with a +3 spear!
The spriggan rider is engulfed in noxious fumes. x2
The spriggan rider hits you from afar with the +3 spear of Resumed Hostilities {pierce, +Fly rElec Str+3 Stlth+}!!
* * * LOW HITPOINT WARNING * * *
You die...

.#..#.............###..##........
.+..#......♣♣♣♣...# ########P###.
.#######♣♣♣♣..♣.#.# ### ## P#
♣♣:♣..♣#.#.# # ## ♣"....#8.###
###### ###
.♣..§#§.#######.##.###### ..#
♣.♣!♣♣i☼...##.........##..
..####♣ ♣...†#i..####.........##(
...##.# ♣.♣..#8.@###..........#..
..+..## ♣..♣♣#...##.........'...
.....###♣♣♣♣.)♣....##..........P.
...........♣♣♣♣..#..#........#...
...#..P#........##...............
'#######..P.###P#.###..........#.
.# ##..## #########.#..###... .#
#..# #P.P....# ##.. .## ##.#
##...P.'#####.


You could see 2 spriggan riders.

Vanquished Creatures
  Donald (Orc:2)
  2 orc warlords (Orc:1)
  The ghost of Hiraku the Warrior, a journeyman MfSk of Makhleb (Lair:4)
  The ghost of opiumtea the Fighter, a journeyman DsAK of Lugonu (D:9)
  A very ugly thing (D:9)
  The ghost of Mallanif the Martial Artist, a journeyman GnTm of Ashenzari (D:13)
  The ghost of Delamore the Severer, a journeyman HOFi of Okawaru (Orc:2)
  An ogre mage (D:13)
  3 hydras
  The ghost of barcode the Zephyrmancer, a journeyman CeAE of Vehumet (Lair:1)
  2 death yaks (Lair:3)
  6 two-headed ogres
  The ghost of Froggeryz the Bludgeoner, a journeyman GrFi of Okawaru (Lair:2)
  6 orc high priests (Orc:2)
  A spriggan berserker (Lair:2)
  Nergalle (D:11)
  5 skeletal warriors
  The ghost of Kagalorn the Grappler, a novice DrTm of Okawaru (D:7)
  3 unseen horrors
  A glowing orange brain (D:9)
  Pikel (D:9)
  A lindwurm (Lair:4)
  2 orc knights (Orc:1)
  5 ugly things
  A manticore (D:12)
  4 cyclopes
  3 elephants (Lair:4)
  3 black mambas
  A gargoyle (D:12)
  6 spiny frogs
  4 komodo dragons
  A kobold demonologist (D:11)
  2 polar bears
  4 hornets
  A meliai (Lair:4)
  A queen bee (D:13)
  5 trolls
  11 slime creatures
  5 blink frogs (Lair:1)
  4 hippogriffs
  2 vampires
  A shadow (D:13)
  6 spriggans
  A water elemental (D:11)
  11 yaks
  2 wraiths (D:13)
  A wyvern (D:13)
  A fire elemental (D:13)
  5 hungry ghosts
  A neqoxec (D:9)
  A soldier ant (D:12)
  10 wargs
  4 water moccasins
  9 porcupines
  9 sky beasts
  4 ice beasts
  A phantom (D:6)
  4 slaves (D:9)
  5 black bears
  22 orc warriors
  A boggart (Lair:4)
  A hornet zombie (D:10)
  2 necrophages
  5 wolves
  4 centaurs
  18 ogres
  11 crocodiles
  4 big kobolds
  6 gnoll sergeants
  11 bullfrogs
  A wyvern skeleton (D:11)
  6 scorpions
  18 killer bees
  3 wights
  2 howler monkeys
  An electric eel (D:11)
  3 centaur zombies
  6 crimson imps
  2 bullfrog zombies (D:12)
  4 jellies
  A centaur skeleton (D:7)
  3 bullfrog skeletons
  42 orc priests
  10 hounds
  4 iguanas
  19 orc wizards
  10 worker ants
  A centaur simulacrum (D:7)
  A hound zombie (D:11)
  A spectral worker ant (D:7)
  A howler monkey zombie (D:11)
  A worker ant zombie (D:9)
  13 gnolls
  2 gnolls (shapeshifter) (D:9)
  9 adders
  3 shadow imps
  An adder skeleton (D:8)
  A worm (shapeshifter) (D:9)
  3 leopard geckos
  94 orcs
  8 bats
  4 giant cockroaches
  4 goblins
  10 hobgoblins
  11 jackals
  4 quokkas
  2 ball pythons (Sewer)
  4 frilled lizards
  17 kobolds
  A leopard gecko zombie (D:6)
  5 rats (D:1)
  A fire vortex (D:13)
  2 fungi
  2 plants
609 creatures vanquished.

Vanquished Creatures (collateral kills)
  4 death yaks (Lair:3)
  4 oklob plants (Lair:1)
  A moth of wrath (Lair:2)
  2 cyclopes (D:12)
  6 elephants (Lair:4)
  2 meliai (Lair:4)
  A queen bee (Lair:4)
  A hornet (Lair:2)
  2 bog bodies (Lair:3)
  A hippogriff (Lair:1)
  2 spriggans (Lair:2)
  A water moccasin (Lair:4)
  3 porcupines
  An orc warrior (D:12)
  A black bear (D:6)
  2 ogres (D:4)
  A crocodile (Lair:4)
  2 bullfrogs
  16 killer bees
  A centaur skeleton (D:6)
  3 hounds
  An orc wizard (D:7)
  2 worker ants (D:4)
  10 gnolls
  9 adders
  An adder skeleton (D:6)
  A worm (D:2)
  6 orcs
  A bat (D:3)
  3 giant cockroaches
  A goblin (D:1)
  2 hobgoblins
  9 jackals
  2 kobolds (Sewer)
  A quokka (D:7)
  3 ball pythons (Sewer)
  A frilled lizard (Sewer)
  A leopard gecko skeleton (D:4)
111 creatures vanquished.

Vanquished Creatures (others)
  An eldritch tentacle (Lair:4)
  An elephant (Lair:4)
  A killer bee (D:10)
  A jelly (D:13)
  An orc (D:8)
  4 fungi
  6 plants
15 creatures vanquished.

Grand Total: 735 creatures vanquished

Notes
Turn   | Place    | Note
-------+----------+-------------------------------------------
     0 | D:1      | Ignak the Gnoll Wizard began the quest for the Orb.
     0 | D:1      | Reached XP level 1. HP: 13/13 MP: 8/8
   125 | D:1      | Reached XP level 2. HP: 18/19 MP: 1/10
   129 | D:1      | Learned a level 2 spell: Blink
   132 | D:1      | Learned a level 2 spell: Call Imp
   268 | D:1      | Found a sparkling altar of Nemelex Xobeh.
   566 | D:1      | Reached XP level 3. HP: 25/25 MP: 6/11
   795 | D:2      | Learned a level 3 spell: Conjure Flame
   799 | D:2      | Learned a level 3 spell: Mephitic Cloud
   848 | D:2      | Reached skill level 1 in Invocations
  1238 | D:2      | Reached skill level 1 in Fighting
  1238 | D:2      | Reached skill level 1 in Short Blades
  1238 | D:2      | Reached skill level 1 in Long Blades
  1238 | D:2      | Reached skill level 1 in Axes
  1238 | D:2      | Reached skill level 1 in Maces & Flails
  1238 | D:2      | Reached skill level 1 in Polearms
  1238 | D:2      | Reached skill level 1 in Staves
  1238 | D:2      | Reached skill level 1 in Slings
  1238 | D:2      | Reached skill level 1 in Bows
  1238 | D:2      | Reached skill level 1 in Crossbows
  1238 | D:2      | Reached skill level 1 in Throwing
  1238 | D:2      | Reached skill level 1 in Armour
  1238 | D:2      | Reached skill level 1 in Shields
  1238 | D:2      | Reached skill level 1 in Unarmed Combat
  1238 | D:2      | Reached skill level 1 in Evocations
  1238 | D:2      | Reached XP level 4. HP: 32/32 MP: 9/13
  1581 | D:3      | Found a glowing drain.
  1611 | Sewer    | Entered a sewer
  1968 | Sewer    | Reached skill level 1 in Hexes
  1968 | Sewer    | Reached skill level 1 in Charms
  1968 | Sewer    | Reached skill level 1 in Necromancy
  1968 | Sewer    | Reached skill level 1 in Transmutations
  1968 | Sewer    | Reached skill level 1 in Fire Magic
  1968 | Sewer    | Reached skill level 1 in Ice Magic
  1968 | Sewer    | Reached skill level 1 in Air Magic
  1968 | Sewer    | Reached skill level 1 in Earth Magic
  1968 | Sewer    | Reached skill level 1 in Poison Magic
  2574 | D:3      | Reached XP level 5. HP: 37/37 MP: 12/14
  3348 | D:4      | Noticed an ogre
  3816 | D:4      | Noticed an ogre
  3834 | D:4      | Killed an ogre
  3834 | D:4      | Reached XP level 6. HP: 44/44 MP: 8/16
  4045 | D:4      | Reached skill level 5 in Dodging
  4531 | D:4      | Got a twitching copper ring
  4533 | D:4      | Identified the ring of Checkmate {*Slow rF+ rC++ rN+} (You
                  | found it on level 4 of the Dungeon)
  4765 | D:4      | Reached XP level 7. HP: 50/50 MP: 12/18
  4996 | D:5      | Entered Level 5 of the Dungeon
  5025 | D:5      | Got a smoking dagger
  5026 | D:5      | Identified the +9 dagger of Fundamental Breach {freeze,
                  | rPois} (You found it on level 5 of the Dungeon)
  5099 | D:5      | Found Xicrim's Jewellery Shoppe.
  5308 | D:5      | Found a blossoming altar of Fedhas.
  5601 | D:5      | Reached skill level 5 in Stealth
  5863 | D:5      | Reached XP level 8. HP: 33/57 MP: 8/19
  7108 | D:6      | Reached XP level 9. HP: 57/65 MP: 10/21
  7705 | D:7      | Found a runed translucent gate.
  7705 | D:7      | Found a runed translucent gate.
  7705 | D:7      | Found a runed translucent gate.
  7712 | D:7      | Noticed Kagalorn's ghost (novice DrTm)
  7885 | D:7      | Found an opulent altar of Gozag.
  8149 | D:7      | Reached skill level 5 in Invocations
  8149 | D:7      | Noticed a cyclops
  8159 | D:7      | Killed a cyclops
  8223 | D:7      | Reached XP level 10. HP: 37/73 MP: 19/22
  8922 | D:7      | Found a staircase to the Ecumenical Temple.
  9049 | D:8      | Reached skill level 5 in Fighting
  9049 | D:8      | Reached skill level 5 in Short Blades
  9049 | D:8      | Reached skill level 5 in Long Blades
  9049 | D:8      | Reached skill level 5 in Axes
  9049 | D:8      | Reached skill level 5 in Maces & Flails
  9049 | D:8      | Reached skill level 5 in Polearms
  9049 | D:8      | Reached skill level 5 in Staves
  9049 | D:8      | Reached skill level 5 in Slings
  9049 | D:8      | Reached skill level 5 in Bows
  9049 | D:8      | Reached skill level 5 in Crossbows
  9049 | D:8      | Reached skill level 5 in Throwing
  9049 | D:8      | Reached skill level 5 in Armour
  9049 | D:8      | Reached skill level 5 in Shields
  9049 | D:8      | Reached skill level 5 in Unarmed Combat
  9049 | D:8      | Reached skill level 5 in Evocations
  9723 | D:8      | Found a hazy altar of Hepliaklqana.
  9724 | D:8      | Found a burning altar of Makhleb.
  9727 | D:8      | Found a shimmering altar of Xom.
  9728 | D:8      | Found an opulent altar of Gozag.
  9729 | D:8      | Found an iron altar of Okawaru.
  9729 | D:8      | Found a bloodstained altar of Trog.
  9729 | D:8      | Found a hide-covered altar of Uskayaw.
  9729 | D:8      | Found a sparkling altar of Nemelex Xobeh.
  9730 | D:8      | Found an ancient bone altar of Kikubaaqudgha.
  9731 | D:8      | Found a shattered altar of Ashenzari.
  9734 | D:8      | Found a shimmering blue altar of Sif Muna.
  9735 | D:8      | Found a white marble altar of Elyvilon.
  9780 | D:8      | Became a worshipper of Sif Muna the Loreminder
  9861 | D:8      | You fall into a shaft and drop 2 floors!
  9861 | D:10     | Entered Level 10 of the Dungeon
  9980 | D:9      | Noticed Pikel
 10051 | D:9      | Killed Pikel
 10184 | D:9      | Reached skill level 5 in Conjurations
 10184 | D:9      | Reached skill level 5 in Summonings
 10184 | D:9      | Reached skill level 5 in Translocations
 10261 | D:9      | Found a radiant altar of Vehumet.
 10559 | D:9      | Found a runed translucent gate.
 10559 | D:9      | Found a runed translucent gate.
 10559 | D:9      | Noticed a cyan very ugly thing
 10560 | D:9      | Found a runed translucent gate.
 10560 | D:9      | Noticed a cyan ugly thing
 10561 | D:9      | Noticed a brown ugly thing
 10561 | D:9      | Noticed a glowing orange brain
 10561 | D:9      | Noticed a cyan ugly thing
 10561 | D:9      | Noticed a cyan ugly thing
 10818 | D:9      | Killed a glowing orange brain
 10826 | D:9      | Killed a red ugly thing
 10826 | D:9      | Reached XP level 11. HP: 81/81 MP: 19/24
 10837 | D:9      | Found a runed translucent gate.
 10837 | D:9      | Found a runed translucent gate.
 10844 | D:9      | Killed a red ugly thing
 10845 | D:9      | Noticed opiumtea's ghost (journeyman DsAK)
 10846 | D:9      | Found a runed translucent gate.
 10847 | D:9      | Killed a red ugly thing
 10860 | D:9      | Killed a purple very ugly thing
 10860 | D:9      | Reached skill level 5 in Hexes
 10860 | D:9      | Reached skill level 5 in Charms
 10860 | D:9      | Reached skill level 5 in Necromancy
 10860 | D:9      | Reached skill level 5 in Transmutations
 10860 | D:9      | Reached skill level 5 in Fire Magic
 10860 | D:9      | Reached skill level 5 in Ice Magic
 10860 | D:9      | Reached skill level 5 in Air Magic
 10860 | D:9      | Reached skill level 5 in Earth Magic
 10860 | D:9      | Reached skill level 5 in Poison Magic
 10861 | D:9      | Noticed a manticore
 10861 | D:9      | a merfolk changed into a manticore
 10866 | D:9      | Killed a cyan ugly thing
 10871 | D:9      | Noticed a moth of wrath
 10871 | D:9      | a manticore changed into a moth of wrath
 11179 | D:9      | Gained mutation: You possess an exceptional clarity of
                  | mind. [a neqoxec]
 11254 | D:9      | Killed opiumtea's ghost
 11311 | D:9      | Gained mutation: Your spells are a little harder to cast,
                  | but a little more powerful. [mutagenic glow]
 11338 | D:9      | Gained mutation: You occasionally shout uncontrollably at
                  | your foes. [mutagenic glow]
 11451 | D:10     | Reached * piety under Sif Muna
 11466 | D:10     | Killed an unseen horror
 11934 | D:10     | Found a staircase to the Orcish Mines.
 12155 | D:11     | Noticed Nergalle
 12156 | D:11     | Noticed a red ugly thing
 12284 | D:11     | Killed a purple ugly thing
 12294 | D:11     | Killed Nergalle
 12380 | D:11     | Reached ** piety under Sif Muna
 12441 | D:11     | Reached XP level 12. HP: 83/89 MP: 21/25
 12448 | D:11     | Noticed a two-headed ogre
 12456 | D:11     | Killed a two-headed ogre
 12459 | D:11     | Noticed a four-headed hydra
 12509 | D:11     | Reached skill level 10 in Spellcasting
 12753 | D:11     | You fall into a shaft and drop 3 floors!
 12802 | D:13     | Noticed a two-headed ogre
 12825 | D:13     | Killed a two-headed ogre
 13055 | D:12     | Found a bloodstained altar of Trog.
 13130 | D:12     | Reached *** piety under Sif Muna
 13356 | D:11     | Found Darch's Assorted Antiques.
 13529 | D:11     | Found Zafeh's Distillery.
 13587 | D:11     | Found Yruymeru's Antique Weapon Shop.
 13743 | D:11     | Killed a four-headed hydra
 13744 | D:11     | Noticed a two-headed ogre
 13752 | D:11     | Killed a two-headed ogre
 14001 | D:11     | Bought a dazzling falchion for 208 gold pieces
 14002 | D:11     | Identified the +4 falchion of Wyrd {antimagic, *Corrode
                  | +Fly rPois Str+4} (You bought it in a shop on level 11 of
                  | the Dungeon)
 14004 | D:11     | Bought a jewelled battleaxe for 299 gold pieces
 14010 | D:11     | Identified the +10 battleaxe "Lackon" {chop, SInv} (You
                  | bought it in a shop on level 11 of the Dungeon)
 14170 | D:11     | Bought a scroll labeled YSKYOM ODI for 33 gold pieces
 14332 | Orc:1    | Entered Level 1 of the Orcish Mines
 14624 | Orc:2    | Entered Level 2 of the Orcish Mines
 14640 | Orc:2    | Reached **** piety under Sif Muna
 14655 | Orc:1    | Reached XP level 13. HP: 52/98 MP: 20/27
 15207 | Orc:1    | Noticed an orc warlord
 15489 | Orc:2    | Reached ***** piety under Sif Muna
 15520 | Orc:2    | Received a gift from Sif Muna
 15540 | Orc:2    | Found a roughly hewn altar of Beogh.
 15657 | Orc:1    | Killed an orc warlord
 15823 | D:11     | Bought a brightly glowing leather armour for 231 gold
                  | pieces
 15833 | D:11     | Identified the +1 leather armour of the Arcane {*Contam
                  | +Inv Dex+6} (You bought it in a shop on level 11 of the
                  | Dungeon)
 16078 | D:5      | Bought an uncursed amulet of the gourmand for 390 gold
                  | pieces
 16086 | D:5      | Learned a level 5 spell: Metabolic Englaciation
 16820 | Orc:2    | Found a roughly hewn altar of Beogh.
 16857 | Orc:2    | Found a staircase to the Elven Halls.
 17176 | Orc:2    | Noticed Donald
 17229 | Orc:2    | Killed Donald
 17355 | Orc:2    | Found a runed translucent door.
 17363 | Orc:2    | Noticed Delamore's ghost (journeyman HOFi)
 17382 | Orc:2    | Killed Delamore's ghost
 17500 | Orc:2    | Found Ozijej's Assorted Antiques.
 17500 | Orc:2    | Found Wuhiwu's Armour Shoppe.
 17504 | Orc:2    | Bought a clouded platinum ring for 125 gold pieces
 17513 | Orc:2    | Bought the cursed -3 cloak of Nihilism {Regen+} for 1 gold
                  | piece
 17616 | Orc:2    | Noticed an orc warlord
 17648 | Orc:2    | Found Agukainn's Food Boutique.
 17648 | Orc:2    | Found Wouris's Food Shoppe.
 17862 | Orc:1    | Killed an orc warlord
 18249 | Orc:2    | Identified the ring of Surphud {*Corrode rPois AC+4 Int+2
                  | Slay+4} (You bought it in a shop on level 2 of the Orcish
                  | Mines)
 18307 | Orc:2    | Bought a +1 pair of gloves for 161 gold pieces
 19301 | D:12     | Reached XP level 14. HP: 96/106 MP: 29/29
 19358 | D:12     | Reached skill level 10 in Axes
 19576 | D:12     | Identified Heobbosh's Volume of Quantum Contamination (Sif
                  | Muna gifted it to you on level 12 of the Dungeon)
 19576 | D:12     | Received a gift from Sif Muna
 19582 | D:12     | Learned a level 3 spell: Portal Projectile
 19589 | D:12     | Learned a level 6 spell: Freezing Cloud
 19755 | D:12     | Learned a level 6 spell: Ozocubu's Refrigeration
 20043 | D:13     | Found a transporter.
 20189 | D:13     | Reached skill level 10 in Dodging
 20360 | D:13     | Found a gate to the Vaults.
 20411 | D:13     | Found a transporter.
 20441 | D:13     | Noticed Mallanif's ghost (journeyman GnTm)
 20710 | D:13     | Killed Mallanif's ghost
 21373 | Elf:1    | Entered Level 1 of the Elven Halls
 21702 | D:7      | Killed Kagalorn's ghost
 21795 | Temple   | Entered the Ecumenical Temple
 21871 | D:8      | Found a staircase to the Lair.
 21921 | D:8      | Got a pitted falchion
 21922 | D:8      | Identified the cursed +3 falchion of Righteous Anger
                  | {flame, +Fly rC- MP+9 SInv} (You found it on level 8 of the
                  | Dungeon)
 22225 | D:8      | Reached skill level 10 in Stealth
 22504 | Lair:1   | Entered Level 1 of the Lair of Beasts
 22599 | Lair:1   | Found a runed translucent gate.
 22602 | Lair:1   | Found a runed translucent gate.
 22602 | Lair:1   | Found a runed translucent gate.
 22604 | Lair:1   | Noticed barcode's ghost (journeyman CeAE)
 22622 | Lair:1   | Learned a level 4 spell: Summon Lightning Spire
 22830 | Lair:1   | Reached skill level 10 in Invocations
 23782 | Lair:1   | Got a clouded copper ring
 23787 | Lair:1   | Identified the ring of Wixivi {+Blink MR+ Str+4 Stlth+}
                  | (You found it on level 1 of the Lair of Beasts)
 23818 | Lair:1   | Killed barcode's ghost
 23967 | Lair:1   | Gained mutation: Your flesh is heat resistant. (rF+)
                  | [mutagenic glow]
 24131 | Lair:2   | Found a transporter.
 24137 | Lair:2   | Noticed Froggeryz's ghost (journeyman GrFi)
 24138 | Lair:2   | Identified the +8 trident "Lust" {freeze, +Inv Dex+3}
 24138 | Lair:2   | Identified the +9 lajatang "Ytutinn" {vamp, Int+4}
 24139 | Lair:2   | Found a bloodstained altar of Trog.
 24139 | Lair:2   | Identified the +4 spear "Giuvibem" {elec, rPois rF- Dex+4}
 24144 | Lair:2   | Found a transporter.
 24682 | Lair:2   | Received a gift from Sif Muna
 24711 | Lair:2   | Killed Froggeryz's ghost
 24884 | Lair:3   | Found a staircase to the Snake Pit.
 24912 | Lair:3   | You fall into a shaft and drop 1 floor!
 25206 | Lair:3   | Reached XP level 15. HP: 76/114 MP: 5/30
 25395 | Lair:3   | Found a staircase to the Swamp.
 26220 | Lair:4   | Found a runed translucent door.
 26226 | Lair:4   | Identified the +3 spear of Resumed Hostilities {pierce,
                  | +Fly rElec Str+3 Stlth+}
 26226 | Lair:4   | Noticed Hiraku's ghost (journeyman MfSk)
 26573 | Lair:4   | Killed Hiraku's ghost
 26581 | Lair:4   | HP: 3/115 [spriggan rider/the +3 spear of Resumed
                  | Hostilities {pierce, +Fly rElec Str+3 Stlth+} (23)]
 26581 | Lair:4   | Slain by a spriggan rider

Levels and vault maps discovered:
D:1:      scummos_arrival_simple_fountains, layout_rooms,
          nemelex_diamond_rough_becter
D:2:      layout_rooms
D:3:      layout_basic, gup_sewer_entry_glass
D:4:      layout_basic, serial_co_window_serial, co_window_paths_a,
          co_window_of_opportunity_a, co_window_corner_a, co_window_paths_a,
          co_window_corner_a, co_window_broadway_c, co_window_broadway_a,
          co_window_broadway_c, co_window_unsneaky_path_b, co_window_2corner,
          glass_columns_b, glass_columns_c, first_ration, hex_intersection
D:5:      layout_basic, serial_shops, shop, fedhas_altar_3
D:6:      layout_cave_pools, serial_gnoll_camp, gnoll_camp_mini_sergeant,
          gnoll_camp_mini_doghouse, gnoll_camp_mini_loothouse,
          gnoll_camp_mini_basic
D:7:      layout_gridville, minmay_temple_entry_grid, basic_altar,
          gammafunk_ghost_necromancy, the_bakery
D:8:      layout_loops_ring, minitemple, grunt_lair_entry_orc_guard_hut
D:9:      layout_basic, nicolae_overflow_crystal_walls,
          ploomutoo_gammafunk_ghost_potion_laboratory, uniq_pikel
D:10:     layout_long_grid, kennysheep_orc_monster_closet_entryway,
          grunt_decor_clamped
D:11:     layout_basic, serial_shops, shop, shop, shop, kennysheep_kite_vault,
          uniq_nergalle
D:12:     layout_long_grid, basic_altar, drop_trap
D:13:     layout_roguey, david_vaults_2, gammafunk_ghost_hive,
          kennysheep_cross_room
D:14:     nrook_guardian_serpent_snake_passage, layout_basic,
          minmay_misc_feat_tower
Temple:   nicolae_temple_figure_zero
Lair:1:   layout_loops_ring, maelrawn_ghost_gauntlet_escape,
          chequers_serial_rivers_micro_a, minmay_lair_oklob_chamber,
          lemuel_fruit_fields, grunt_megastairs_2, serial_bayou_shore_a
Lair:2:   layout_chaotic_city, gammafunk_ghost_wrathful_warriors,
          serial_bayou_shore_b
Lair:3:   layout_cave_shapes, skrybe_swamp_entry_bodies, dummy_snake_entry
Lair:4:   layout_roguey [special_room_bee], ebering_ghost_funeral_grove
Orc:1:    layout_caves
Orc:2:    st_orc_town, layout_caves, ebering_ghost_reflecting_pool,
          david_defended_altar_orc, uniq_donald
Elf:1:    eino_elf_arrival_customs, layout_gridlike,
          kennysheep_underground_church, drop_trap

Skill      XL: |  1  2  3  4  5  6  7  8  9 10 11 12 13 14 |
---------------+-------------------------------------------+-----
Conjurations   | 2 3 4 5 6 7 8 |  8.5
Summonings     | 2 3 4 5 6 7 8 |  8.5
Translocations | 2 3 4 5 6 7 8 |  8.5
Invocations    | 1 2 3 4 5 6 7 8 9 10 | 10.5
Fighting       | 1 2 3 4 5 6 7 8 9 |  9.7
Short Blades   | 1 2 3 4 5 6 7 8 9 |  9.7
Long Blades    | 1 2 3 4 5 6 7 8 9 |  9.7
Axes           | 1 2 3 4 5 6 8 9 11 | 11.6
Maces & Flails | 1 2 3 4 5 6 7 8 9 |  9.7
Polearms       | 1 2 3 4 5 6 7 8 9 |  9.7
Staves         | 1 2 3 4 5 6 7 8 9 |  9.7
Slings         | 1 2 3 4 5 6 7 8 9 |  9.7
Bows           | 1 2 3 4 5 6 7 8 9 |  9.7
Crossbows      | 1 2 3 4 5 6 7 8 9 |  9.7
Throwing       | 1 2 3 4 5 6 7 8 9 |  9.7
Armour         | 1 2 3 4 5 6 7 8 9 |  9.7
Shields        | 1 2 3 4 5 6 7 8 9 |  9.7
Unarmed Combat | 1 2 3 4 5 6 7 8 9 |  9.7
Evocations     | 1 2 3 4 5 6 7 8 9 |  9.7
Hexes          | 1 2 3 4 5 6 7 8 |  8.2
Charms         | 1 2 3 4 5 6 7 8 |  8.2
Necromancy     | 1 2 3 4 5 6 7 8 |  8.2
Transmutations | 1 2 3 4 5 6 7 8 |  8.2
Fire Magic     | 1 2 3 4 5 6 7 8 |  8.2
Ice Magic      | 1 2 3 4 5 6 7 8 |  8.2
Air Magic      | 1 2 3 4 5 6 7 8 |  8.2
Earth Magic    | 1 2 3 4 5 6 7 8 |  8.2
Poison Magic   | 1 2 3 4 5 6 7 8 |  8.2
Dodging        | 5 6 7 8 9 10 | 10.7
Stealth        | 5 6 7 8 9 10 | 10.5
Spellcasting   | 8 9 10 11 | 11.8

Action                   |  1- 3 |  4- 6 |  7- 9 | 10-12 | 13-15 || total
-------------------------+-------+-------+-------+-------+-------++-------
Melee: Unarmed           |    14 |       |       |       |       ||    14
       Bite              |     2 |    21 |    20 |    62 |   102 ||   207
       Spear             |     2 |   137 |       |       |       ||   139
       Punch             |     1 |     2 |     4 |     2 |       ||     9
       Halberd           |       |    55 |       |       |       ||    55
       Dagger            |       |       |   206 |   545 |   862 ||  1613
       Trident           |       |       |    37 |   121 |   151 ||   309
       Battleaxe         |       |       |       |    25 |    52 ||    77
Throw: Dart              |       |       |       |    12 |    23 ||    35
 Cast: Magic Dart        |    70 |    40 |    21 |     7 |    26 ||   164
       Call Imp          |     3 |    45 |    34 |    12 |     1 ||    95
       Mephitic Cloud    |       |     5 |    19 |    60 |    64 ||   148
       Blink             |       |       |     5 |    13 |    20 ||    38
       Conjure Flame     |       |       |     6 |    25 |    20 ||    51
       Metabolic Englaci |       |       |       |       |    23 ||    23
       Summon Lightning  |       |       |       |       |    32 ||    32
       Portal Projectile |       |       |       |       |     3 ||     3
       Ozocubu's Refrige |       |       |       |       |     2 ||     2
       Freezing Cloud    |       |       |       |       |     1 ||     1
       Malign Gateway    |       |       |       |       |     1 ||     1
Invok: Channel Magic     |       |       |       |     1 |       ||     1
       Divine Exegesis   |       |       |       |       |     1 ||     1
 Abil: Evoke Berserk Rag |       |       |       |     1 |       ||     1
       Evoke Invisibilit |       |       |       |       |     3 ||     3
Evoke: Wand              |       |       |     2 |     3 |    23 ||    28
  Use: Scroll            |     3 |     5 |     7 |    12 |     8 ||    35
       Potion            |       |     4 |     3 |     3 |     1 ||    11
 Stab: Distracted        |     1 |       |     1 |     1 |     3 ||     6
       Sleeping          |     1 |     2 |     5 |    10 |    18 ||    36
       Confused          |       |     1 |     6 |    24 |    25 ||    56
       Paralysed         |       |       |     3 |       |     1 ||     4
       Invisible         |       |       |       |       |     3 ||     3
  Eat: Chunk             |     1 |    12 |    11 |    19 |    61 ||   104
       Ration            |       |       |       |     1 |       ||     1
Armor: Robe              |     9 |    28 |    22 |       |       ||    59
       Ring mail         |       |       |    39 |    38 |       ||    77
       Troll leather arm |       |       |       |    96 |   149 ||   245
       Leather armour    |       |       |       |       |     4 ||     4
Dodge: Dodged            |    27 |   116 |   153 |   223 |   411 ||   930
Block: Buckler           |       |       |       |    78 |       ||    78
       Shield            |       |       |       |    88 |   424 ||   512
       Reflection        |       |       |       |       |     5 ||     5
